 Dungeon Crawl Stone Soup version 0.25.1-2-g60ff931df9 (webtiles) character file.

Game seed: 13261300198394222573

3578 hawla the Carver (level 9, 0/75 HPs)
             Began as a Minotaur Gladiator on Nov 3, 2020.
             Was an Initiate of Gozag.
             Slain by a freezing wraith (7 damage)
             ... led by a death knight
             ... on level 8 of the Dungeon.
             The game lasted 00:15:22 (8017 turns).

hawla the Carver (Minotaur Gladiator)               Turns: 8017, Time: 00:15:24

Health: 0/75       AC:  5    Str: 25    XL:     9   Next: 84%
Magic:  8/8        EV: 17    Int:  5    God:    Gozag
Gold:   1011       SH:  0    Dex: 14    Spells: 8/8 levels left

rFire    . . .     SeeInvis .   a - +1 dagger "Eviscerator" {vorpal, Str+3 Dex+2} (curse)
rCold    . . .     Gourm    .   (no shield)
rNeg     . . .     Faith    .   A - +0 steam dragon scales (curse)
rPois    .         Spirit   .   c - +0 hat
rElec    .         Reflect  .   (no cloak)
rCorr    .         Harm     .   (no gloves)
MR       .....                  (no boots)
Stlth    ++++......             (no amulet)
HPRegen  0.22/turn              v - ring of stealth
MPRegen  0.11/turn              o - ring of stealth

@: gold aura, slowed, very slow
A: retaliatory headbutt, horns 2
a: Potion Petition, Call Merchant, Bribe Branch, Renounce Religion


You were on level 8 of the Dungeon.
You worshipped Gozag.
Gozag was most pleased with you.
You were not hungry.

You visited 2 branches of the dungeon, and saw 9 of its levels.

You collected 1070 gold pieces.
You paid 59 gold pieces to Gozag.

Inventory:

Hand Weapons
 a - the cursed +1 dagger "Eviscerator" (weapon) {vorpal, Str+3 Dex+2}
   (You found it on level 6 of the Dungeon)

   It inflicts extra damage upon your enemies.
   It affects your strength (+3).
   It affects your dexterity (+2).
   It has a curse placed upon it.
 p - a +0 short sword of draining
 s - a +2 vampiric short sword
 t - a +4 great sword
Missiles
 d - 2 throwing nets
 j - 54 poisoned darts (quivered)
 r - 2 silver boomerangs
 w - 10 javelins
 y - 4 curare-tipped darts
 z - 5 boomerangs
Armour
 c - a +0 hat (worn)
 A - cursed +0 steam dragon scales (worn)
Jewellery
 l - a +4 ring of protection
 o - a ring of stealth (right hand)
 v - a ring of stealth (left hand)
Scrolls
 h - 4 scrolls of enchant weapon
 k - a scroll of fog
 m - 2 scrolls of magic mapping
Potions
 b - a potion of haste
 e - 2 potions of curing
 g - a potion of flight
 i - a potion of stabbing
 n - 3 potions of heal wounds
 q - a potion of berserk rage
 x - a potion of might
Comestibles
 f - 19 rations


   Skills:
 + Level 6.2 Fighting
 + Level 5.1(7.8) Short Blades
 + Level 10.0(10.6) Long Blades
 + Level 4.2 Throwing
 + Level 4.1 Armour
 * Level 8.8 Dodging
 - Level 2.5 Stealth


You had 8 spell levels left.
You didn't know any spells.
Your spell library was empty.

Dungeon Overview and Level Annotations

Branches:
Dungeon (8/15)             Temple (1/1) D:4
   Lair: D:8-11

Altars:
Dithmenos
Gozag
Hepliaklqana
Nemelex Xobeh
Ru
Sif Muna
Trog
Vehumet
Wu Jian
Zin
The Shining One


Innate Abilities, Weirdness & Mutations

You reflexively headbutt those who attack you in melee.
You have a pair of horns on your head.


Message History

You hit the freezing wraith.
Your headbutt misses the freezing wraith.
The freezing wraith is moderately damaged.
The death knight invokes the aid of Yredelemnul against you.
You barely resist. The freezing wraith hits you!
The freezing wraith freezes you!
The freezing wraith completely misses you.
As you read the scroll of fog, it crumbles to dust.
The scroll dissolves into smoke.
The freezing wraith completely misses you.
The freezing wraith hits you but does no damage.
The death knight offers itself to Yredelemnul, and fills with unholy energy.
The wraith barely misses you. You furiously retaliate!
You headbutt the wraith! The freezing wraith hits you!
* * * LOW HITPOINT WARNING * * *
The freezing wraith freezes you!
* * * LOW HITPOINT WARNING * * *
The freezing wraith hits you!
You die...
Your body crumbles into a pile of gold.

##############
#............#
#............#
########....≈.......#
$
............≈.......#
.....§§§............#
....p.§§§.$.........#
...W.WWW@...........#
......§§§§####...#...#
.......§..# #.#.# #(#
#########.# #.#.# ..
#.. #.#<# # ##.# #.#.#
.. #+### #[#


You could see 2 freezing wraiths.

Vanquished Creatures
  Maggie (D:7)
  Grinder (D:6)
  Sigmund (D:6)
  Eustachio (D:6)
  2 sky beasts
  An orc warrior (D:7)
  An ice beast (D:5)
  7 ogres
  A phantom (D:4)
  2 centaurs
  Blork the orc (D:3)
  3 bullfrogs
  3 scorpions
  A water moccasin skeleton (D:6)
  4 wights (D:5)
  4 crimson imps
  2 bullfrog skeletons
  A hound (D:4)
  4 orc priests (D:6)
  A centaur skeleton (D:7)
  2 orc wizards
  Terence (D:2)
  3 iguanas
  4 worker ants
  8 gnolls
  A howler monkey skeleton (D:4)
  9 adders
  2 shadow imps
  An ooze (D:5)
  3 adder zombies
  An adder skeleton (D:4)
  A worm (D:5)
  A dart slug (D:3)
  5 leopard geckos
  16 orcs
  3 ball pythons
  3 giant cockroaches
  19 goblins
  7 hobgoblins
  15 jackals
  9 kobolds
  3 quokkas
  5 bats
  4 frilled lizards
  8 rats
176 creatures vanquished.

Vanquished Creatures (others)
  An orc (D:4)
1 creature vanquished.

Grand Total: 177 creatures vanquished

Notes
Turn   | Place    | Note
-------+----------+-------------------------------------------
     0 | D:1      | hawla the Minotaur Gladiator began the quest for the Orb.
     0 | D:1      | Reached XP level 1. HP: 18/18 MP: 0/0
   163 | D:1      | Reached XP level 2. HP: 15/25 MP: 1/1
   420 | D:1      | Reached skill level 4 in Long Blades
   924 | D:1      | Reached XP level 3. HP: 28/30 MP: 2/2
  1243 | D:2      | Reached skill level 1 in Armour
  1479 | D:2      | Noticed Terence
  1497 | D:2      | Killed Terence
  1497 | D:2      | Reached XP level 4. HP: 30/37 MP: 3/3
  1728 | D:2      | You fall into a shaft and drop 1 floor!
  2381 | D:4      | Reached skill level 1 in Stealth
  2381 | D:4      | Reached XP level 5. HP: 30/44 MP: 4/4
  2543 | D:4      | Noticed a phantom
  2572 | D:4      | Killed a phantom
  2572 | D:4      | Reached skill level 5 in Long Blades
  2572 | D:4      | Reached skill level 5 in Dodging
  2671 | D:4      | Noticed an ogre
  2764 | D:4      | Noticed Blork the orc
  2769 | D:4      | Killed an ogre
  2769 | D:4      | Reached XP level 6. HP: 51/51 MP: 5/5
  2791 | D:3      | Killed Blork the orc
  2791 | D:3      | Reached skill level 6 in Long Blades
  3255 | D:4      | Reached XP level 7. HP: 25/57 MP: 6/6
  3782 | D:4      | Found a staircase to the Ecumenical Temple.
  3798 | Temple   | Entered the Ecumenical Temple
  3847 | Temple   | Became a worshipper of Gozag Ym Sagoz the Greedy
  4051 | D:5      | Entered Level 5 of the Dungeon
  4120 | D:5      | Reached skill level 7 in Long Blades
  4701 | D:5      | Reached skill level 1 in Short Blades
  4757 | D:5      | Reached XP level 8. HP: 35/66 MP: 7/7
  5619 | D:6      | Reached skill level 8 in Long Blades
  5620 | D:6      | Noticed Grinder
  5633 | D:6      | Killed Grinder
  5633 | D:6      | Reached skill level 5 in Fighting
  5687 | D:6      | Got a crude dagger
  5688 | D:6      | Identified the cursed +1 dagger "Eviscerator" {vorpal,
                  | Str+3 Dex+2} (You found it on level 6 of the Dungeon)
  5725 | D:6      | Reached skill level 9 in Long Blades
  5725 | D:6      | Reached XP level 9. HP: 74/74 MP: 8/8
  5940 | D:6      | Noticed Sigmund
  5951 | D:6      | Killed Sigmund
  6205 | D:6      | Noticed Eustachio
  6219 | D:6      | Killed Eustachio
  6296 | D:6      | Found a glowing golden altar of the Shining One.
  7047 | D:7      | Noticed Maggie
  7073 | D:7      | Killed Maggie
  7073 | D:7      | Reached skill level 10 in Long Blades
  7333 | D:7      | Found a glowing silver altar of Zin.
  7810 | D:7      | Reached skill level 5 in Short Blades
  8006 | D:8      | Noticed a freezing wraith
  8009 | D:8      | Noticed a death knight
  8009 | D:8      | Noticed a freezing wraith
  8017 | D:8      | Slain by a freezing wraith

Illustrated notes

Levels and vault maps discovered:
D:1:      heliophobic_arrival_battle_scene, layout_basic, st_stairs_10
D:2:      minmay_diamond_boxcup, layout_loops_ring, uniq_terence
D:3:      layout_basic, fountainhead
D:4:      layout_rooms, lemuel_temple_firewalk_b, first_ration,
          uniq_blork_the_orc
D:5:      layout_basic, minmay_ogre_servants
D:6:      layout_loops_ring, basic_altar, uniq_sigmund, uniq_eustachio,
          uniq_grinder
D:7:      layout_basic, zin_academy, hangedman_decor_opposing, grunt_ogre_cave,
          chequers_decorated_corner, uniq_maggie
D:8:      layout_basic, serial_shops, nicolae_shop_statue_plus, uniq_maurice
Temple:   minmay_crystal_snake_temple

Skill      XL: |  1  2  3  4  5  6  7  8  9 |
---------------+----------------------------+-----
Long Blades    | 4 5 6 7 9 10 | 10.0
Dodging        | 4 5 6 7 8 |  8.8
Armour         | 1 2 3 4 |  4.1
Stealth        | 1 2 |  2.5
Fighting       | 3 4 5 6 |  6.2
Short Blades   | 2 3 5 |  5.1
Throwing       | 3 4 |  4.2

Action                   |  1- 3 |  4- 6 |  7- 9 || total
-------------------------+-------+-------+-------++-------
Melee: Long sword        |   104 |   122 |    24 ||   250
       Headbutt          |     8 |    20 |    62 ||    90
       Short sword       |       |       |    81 ||    81
       Great sword       |       |       |    41 ||    41
       Dagger            |       |       |   163 ||   163
Throw: Throwing net      |     3 |     2 |       ||     5
       Dart              |       |     5 |    22 ||    27
       Boomerang         |       |       |     5 ||     5
  Use: Scroll            |     7 |     1 |     9 ||    17
       Potion            |       |     7 |       ||     7
 Stab: Held in net/web   |     2 |     1 |       ||     3
       Sleeping          |       |     1 |     7 ||     8
       Distracted        |       |       |     1 ||     1
  Eat: Chunk             |     2 |     6 |     1 ||     9
       Ration            |       |       |     4 ||     4
Armor: Leather armour    |    58 |     3 |    40 ||   101
       Robe              |       |    22 |     5 ||    27
       Steam dragon scal |       |       |     6 ||     6
Dodge: Dodged            |    89 |   111 |   195 ||   395
       Rpst.: Long sword |    20 |    26 |     4 ||    50
       Great sword       |       |       |     8 ||     8
